 Dungeon Crawl Stone Soup version 0.29-a0-322-g68df515428 (webtiles) character file.

Game seed: 8467154875429035459

4 ImHallYall the Gusty (level 1, 0/10 HPs)
             Began as a Deep Elf Air Elementalist on Apr 6, 2022.
             Constricted to death by a ball python (1 damage)
             ... on level 1 of the Dungeon.
             The game lasted 00:01:58 (928 turns).

ImHallYall the Gusty (Deep Elf Air Elementalist)     Turns: 928, Time: 00:01:59

Health: 0/10       AC:  3    Str:  5    XL:     1   Next: 58%
Magic:  5/6        EV:  8    Int: 19    God:
Gold:   13         SH:  0    Dex: 15    Spells: 5/6 levels left

rFire   . . .      SeeInvis .   (no weapon)
rCold   . . .      Faith    .   (no shield)
rNeg    . . .      Spirit   .   d - +0 leather armour
rPois   .          Reflect  .   (no helmet)
rElec   .          Harm     .   (no cloak)
rCorr   .          Rampage  .   (no gloves)
Will    .....                   (no boots)
Stlth   ++........              (no amulet)
HPRegen 0.03/turn               (no ring)
MPRegen 0.10/turn               (no ring)

@: constricted
A: no striking features
a: no special abilities


You were on level 1 of the Dungeon.
You visited 1 branch of the dungeon, and saw 1 of its levels.

You collected 13 gold pieces.

Inventory:

Hand Weapons
 e - a +0 short sword
Armour
 a - a +0 robe
 d - a +0 leather armour (worn)
Scrolls
 c - a scroll of teleportation {unknown}
Potions
 b - a potion of magic


   Skills:
 + Level 2.4 Dodging
 + Level 2.4 Stealth
 + Level 0.1 Unarmed Combat
 + Level 3.0 Spellcasting
 + Level 1.1 Conjurations
 + Level 3.3 Air Magic


You had 5 spell levels left.
You knew the following spells:

 Your Spells              Type           Power      Damage    Failure   Level
a - Shock                 Conj/Air       44%        1d5       11%         1

Your spell library contained the following spells:

 Spells                   Type           Power      Damage    Failure   Level
 Static Discharge         Conj/Air       11%        N/A       16%         2
 Swiftness                Air            15%        N/A       21%         3
 Dazzling Flash           Conj/Hex       8%         N/A       52%         3
 Airstrike                Air            7%         N/A       54%         4
 Silence                  Hex/Air        4%         N/A       98%         5
 Agony                    Necr           2%         N/A       100%        5


Dungeon Overview and Level Annotations

Branches:
Dungeon (1/15)

Altars:


Message History

A ball python comes into view.
Found a short sword.
A ball python is nearby!
The helpless ball python fails to defend itself.
You hit the ball python.
The ball python is severely wounded.
The ball python bites you but does no damage.
The ball python barely misses you.
You hit the ball python but do no damage.
The ball python is severely wounded.
The ball python bites you but does no damage.
The ball python grabs you. The ball python constricts you.
The ball python bites you. The ball python constricts you.
You hit the ball python but do no damage.
The ball python is severely wounded.
The ball python bites you but does no damage.
The ball python constricts you.
Casting: Shock (safe; 11% risk of failure)
Confirm with . or Enter, or press ? or * to list all spells.
Aiming: Shock (safe; 11% risk of failure)
Press: ? - help, Shift-Dir - straight line, f - ball python
Aim: a ball python (severely wounded, constricting you, 64% to hit)
The zap hits the ball python.
You kill the ball python!
You see here a ball python corpse.
A ball python comes into view.
The ball python hisses angrily.
A giant cockroach comes into view.
The ball python bites you. The ball python barely misses you.
The ball python bites you.
* * * LOW HITPOINT WARNING * * *
The ball python closely misses you. The ball python bites you.
* * * LOW HITPOINT WARNING * * *
The ball python barely misses you.
You see here a +0 short sword.
e - a +0 short sword The ball python misses you.
The ball python grabs you. The ball python constricts you.
You die...

### .##.. ......
......### .....BS@#
.#.#.##.##########
#.............#
####.########.#
.######†# ##.##
........#######...#
.#####............#
#.###.###....######
#.....# #..........


You could see a giant cockroach and a ball python.

Vanquished Creatures
  A hobgoblin (D:1)
  A ball python (D:1)
  A bat (D:1)
  3 rats (D:1)
6 creatures vanquished.

Notes
Turn   | Place    | Note
-------+----------+-------------------------------------------
     0 | D:1      | ImHallYall the Deep Elf Air Elementalist began the quest
                  | for the Orb.
     0 | D:1      | Reached XP level 1. HP: 10/10 MP: 6/6
   928 | D:1      | Constricted to death by a ball python

Illustrated notes

Levels and vault maps discovered:
D:1:      minmay_arrival_radiant_lines, layout_loops_ring, nrook_uturn

Action                   || total
-------------------------++-------
Melee: Unarmed           ||    15
       Punch             ||     1
 Cast: Shock             ||     5
 Stab: Sleeping          ||     1
Armor: Leather armour    ||     6
       Robe              ||     3
Dodge: Dodged            ||    22

Table legend: (Time is in decaauts)
 A = Elapsed time spent in this place.
 B = Non-inter-level travel time spent in this place.
 C = Inter-level travel time spent in this place.
 D = Time resting spent in this place.
 E = Time spent auto-exploring this place.
 F = Levels seen in this place.
 G = Mean time per level.
                   A        B        C        D        E       F      G
               +--------+--------+--------+--------+--------+-----+--------+
         Total |    928 |    928 |      0 |    766 |     23 |   1 |  928.0 |
       Dungeon |    928 |    928 |      0 |    766 |     23 |   1 |  928.0 |
               +--------+--------+--------+--------+--------+-----+--------+

Top non-repeatable levels by time:
     D:1: 928 daAuts
